 Dungeon Crawl Stone Soup version 0.25-a0-292-gaa31f046c4 (webtiles) character file.

Game seed: 9792557302077665940, levelgen mode: deterministic

2848 MoonlitKnight the Covert (level 9, 0/68 HPs)
             Began as a Vampire Assassin on Dec 15, 2019.
             Killed by divine providence
             ... invoked by an orc priest
              (19 damage)
             ... on level 8 of the Dungeon.
             The game lasted 00:23:14 (7536 turns).

MoonlitKnight the Covert (Vampire Assassin)         Turns: 7536, Time: 00:23:14

Health: 0/68       AC:  9    Str: 11    XL:     9   Next: 46%
Magic:  9/9        EV: 11    Int: 13    God:
Gold:   295        SH:  5    Dex: 18    Spells: 8/8 levels left

rFire    . . .     SeeInvis +   a - +2 short sword (vamp)
rCold    . . .     Gourm    .   A - +0 buckler
rNeg     . . .     Faith    .   k - +0 scale mail
rPois    .         Spirit   .   (no helmet)
rElec    .         Reflect  .   c - +1 cloak
rCorr    .         Harm     +   (no gloves)
MR       .....                  h - +0 pair of boots
Stlth    +++.......             b - amulet of harm
HPRegen  0.41/turn              (no ring)
MPRegen  0.11/turn              (no ring)

@: regenerating quickly
A: no food, fangs 3, see invisible, unbreathing
a: Exsanguinate


You were on level 8 of the Dungeon.
You were alive.

You visited 2 branches of the dungeon, and saw 9 of its levels.

You collected 295 gold pieces.

Inventory:

Hand Weapons
 a - a +2 vampiric short sword (weapon)
Missiles
 d - 35 poisoned darts (quivered)
 e - a curare-tipped dart
Armour
 c - a +1 cloak (worn)
 g - a +0 ring mail
 h - a +0 pair of boots (worn)
 k - a +0 scale mail (worn)
 A - a +0 buckler (worn)
Jewellery
 b - an amulet of harm (around neck)
Wands
 u - a wand of enslavement (10)
 w - a wand of acid (22)
 y - a wand of digging (7)
Scrolls
 i - a scroll of fog
 n - 2 scrolls of enchant armour
 p - 2 scrolls of enchant weapon
 s - 3 scrolls of remove curse
 t - a scroll of identify
 C - a scroll of blinking {unknown}
Potions
 f - 2 potions of curing
 j - 4 potions of haste
 l - a potion of lignification {unknown}
 m - 4 potions of flight
 o - 2 potions of agility {unknown}
 q - a potion of mutation {unknown}
 r - 2 potions of cancellation {unknown}
 v - 2 potions of brilliance {unknown}
 x - 2 potions of heal wounds {unknown}
 z - a potion of berserk rage {unknown}
 B - a potion of magic {unknown}


   Skills:
 + Level 5.5 Fighting
 * Level 9.3 Short Blades
 - Level 1.5 Throwing
 + Level 6.2 Dodging
 + Level 10.5 Stealth
 + Level 1.8 Shields


You had 8 spell levels left.
You didn't know any spells.
Your spell library contained the following spells:

 Spells                   Type           Power        Failure   Level  Hunger
 Infusion                 Chrm           #...         95%         1    N/A
 Shroud of Golubria       Chrm/Tloc      #.....       98%         2    N/A
 Song of Slaying          Chrm           #.......     98%         2    N/A
 Regeneration             Chrm/Necr      #.........   100%        3    N/A
 Spectral Weapon          Hex/Chrm       #.......     100%        3    N/A

Dungeon Overview and Level Annotations

Branches:
Dungeon (8/15)             Temple (1/1) D:7
   Lair: D:8-11

Altars:
Ashenzari
Cheibriados
Elyvilon
Fedhas
Gozag
Hepliaklqana
Kikubaaqudgha
Makhleb
Nemelex Xobeh
Okawaru
Qazlal
Ru
Trog
Vehumet
Wu Jian
Xom
Yredelemnul
Zin
The Shining One

Shops:
D:5 *   D:6 %

Annotations:
D:2 1 runed translucent door, Crazy Yiuf
D:7 2 transporters, ch1llma's ghost, novice GnSk
D:8 Gastronok; Psyche


Innate Abilities, Weirdness & Mutations

You do not eat.
Your natural rate of healing is unusually fast.
You have razor-sharp teeth.
You have supernaturally acute eyesight. (SInv)
You can survive without breathing.


Message History

There is a stone staircase leading up here.
The orc shouts!
Gastronok waves his eye-stalks in wide circles.
The air twists around and strikes you!!
Gastronok mumbles some strange words.
Gastronok puts on a burst of speed!
Gastronok looks at you and mumbles some strange words.
You barely resist.
Your scale mail prevents you from hitting Gastronok.
You bite Gastronok, but do no damage. Gastronok bites you!!
Ouch! That really hurt!
* * * LOW HITPOINT WARNING * * *
You hear an angry hiss.
Psyche shouts!
You hear a shout!
You hear a shout!
Found 10 arrows.
Gastronok chants a spell, wobbling all the while.
You see here 10 arrows.
The orc priest mumbles some strange prayers to Beogh against you.
Beogh smites you!
You die...

..#.@####.#
#o#.o#....'....
#.#..#....#....
##....#....#..o.#
o.....w....#....+
..@.######.#....###
..:....%..<#......
....#####@##.....#
..o.# #o##....@#
....# #w##.....#
....# #r##.....#
....# #.##.....#
....# #r####r#.#
###. ###.# #.#.#
#...# #.#.#
#.###w######.#.#
#....(..r....#.#


You could see an orc priest and a rat.

Vanquished Creatures
  Pikel (D:7)
  Prince Ribbit (D:6)
  Sigmund (D:3)
  A hungry ghost (D:7)
  An ice beast (D:5)
  2 sky beasts
  An orc warrior (D:6)
  A big kobold (D:7)
  A centaur (D:5)
  2 bullfrogs (D:6)
  A scorpion (D:5)
  6 killer bees
  A howler monkey (D:4)
  4 crimson imps
  A bullfrog zombie (D:4)
  2 hounds (D:4)
  A bullfrog skeleton (D:4)
  4 orc priests
  2 orc wizards
  2 iguanas
  6 worker ants
  A hound skeleton (D:6)
  A howler monkey zombie (D:7)
  4 gnolls (D:5)
  9 adders
  A shadow imp (D:5)
  A dart slug (D:2)
  5 leopard geckos
  28 orcs
  9 bats
  2 giant cockroaches
  10 goblins
  8 hobgoblins
  16 kobolds
  4 quokkas
  2 ball pythons
  A ball python zombie (D:5)
  5 frilled lizards
  A quokka zombie (D:5)
  6 rats
156 creatures vanquished.

Vanquished Creatures (others)
  A bullfrog skeleton (D:7)
  A hound zombie (D:7)
  2 kobolds (D:7)
4 creatures vanquished.

Grand Total: 160 creatures vanquished

Notes
Turn   | Place    | Note
-------+----------+-------------------------------------------
     0 | D:1      | MoonlitKnight the Vampire Assassin began the quest for the
                  | Orb.
     0 | D:1      | Reached XP level 1. HP: 16/16 MP: 1/1
   156 | D:1      | Reached skill level 6 in Stealth
   160 | D:1      | Reached XP level 2. HP: 22/22 MP: 2/2
   524 | D:2      | Found an opulent altar of Gozag.
   542 | D:2      | Reached XP level 3. HP: 27/27 MP: 3/3
   921 | D:2      | Reached XP level 4. HP: 29/34 MP: 4/4
  1059 | D:2      | Found a runed translucent door.
  1060 | D:2      | Noticed Crazy Yiuf
  1477 | D:3      | Noticed Sigmund
  1498 | D:3      | Killed Sigmund
  1498 | D:3      | Reached skill level 7 in Stealth
  1498 | D:3      | Reached XP level 5. HP: 17/40 MP: 5/5
  1677 | D:4      | Reached XP level 6. HP: 37/47 MP: 6/6
  2402 | D:4      | Reached skill level 5 in Short Blades
  2640 | D:4      | Reached XP level 7. HP: 13/52 MP: 7/7
  2964 | D:4      | Reached skill level 8 in Stealth
  3479 | D:5      | Entered Level 5 of the Dungeon
  3487 | D:5      | Found a shattered altar of Ashenzari.
  4044 | D:5      | Reached XP level 8. HP: 54/54 MP: 8/8
  4275 | D:5      | Found a radiant altar of Vehumet.
  4520 | D:5      | Found Zin's Purification Station.
  4521 | D:5      | Found a glowing silver altar of Zin.
  4555 | D:5      | Reached skill level 9 in Stealth
  4798 | D:6      | Found Huaxtuni's Food Shoppe.
  5027 | D:6      | Reached skill level 5 in Dodging
  5521 | D:6      | Noticed Prince Ribbit
  5566 | D:6      | Killed Prince Ribbit
  5728 | D:6      | Found a bloodstained altar of Trog.
  6040 | D:6      | Found a white marble altar of Elyvilon.
  6144 | D:7      | Found a transporter.
  6146 | D:7      | Noticed ch1llma's ghost (novice GnSk)
  6150 | D:7      | Noticed Pikel
  6338 | D:7      | Found a staircase to the Ecumenical Temple.
  6378 | D:7      | Reached skill level 5 in Fighting
  6389 | D:7      | Reached XP level 9. HP: 59/68 MP: 9/9
  6422 | Temple   | Entered the Ecumenical Temple
  6505 | D:7      | Found a transporter.
  6605 | D:8      | Reached skill level 10 in Stealth
  6607 | D:8      | Noticed Psyche
  6615 | D:8      | Noticed Gastronok
  6678 | D:7      | Killed Pikel
  6678 | D:7      | Reached skill level 1 in Shields
  7446 | D:7      | Found an ornate altar of the Wu Jian Council.
  7536 | D:8      | Killed from afar by an orc priest

Levels and vault maps discovered:
D:1:      minmay_arrival_checkered_box, layout_loops_ring
D:2:      layout_loops_ring, grunt_gozag_statues, first_ration,
          uniq_crazy_yiuf_cottage
D:3:      layout_basic, chequers_decorated_corner, uniq_sigmund
D:4:      layout_basic
D:5:      layout_gridville, ashenzari_altar_1, zin_purify,
          overflow_temple_1_default
D:6:      layout_basic, serial_shops, nicolae_shop_stone, basic_altar,
          trog_hazing_becter, uniq_prince_ribbit1
D:7:      layout_cave_pools, lemuel_coloured_pillars_altar,
          minmay_temple_entry_purple_smoke, gammafunk_ghost_mausoleum,
          uniq_pikel
D:8:      layout_basic, kennysheep_mini_moat, cheibriados_altar_1,
          uniq_gastronok, uniq_joseph, uniq_psyche
Temple:   nicolae_temple_great_sept

Skill      XL: |  1  2  3  4  5  6  7  8  9 |
---------------+----------------------------+-----
Stealth        | 6 7 8 9 10 | 10.5
Fighting       | 2 3 4 5 |  5.5
Short Blades   | 3 4 5 6 8 9 |  9.3
Dodging        | 2 3 4 5 6 |  6.2
Shields        | 1 |  1.8
Throwing       | |  1.5

Action                   |  1- 3 |  4- 6 |  7- 9 || total
-------------------------+-------+-------+-------++-------
Melee: Dagger            |   118 |     8 |       ||   126
       Bite              |    11 |    25 |    43 ||    79
       Short sword       |       |   199 |   512 ||   711
Throw: Dart              |       |       |    44 ||    44
 Abil: Exsanguinate      |       |       |     1 ||     1
       Revivify          |       |       |     1 ||     1
  Use: Scroll            |       |     1 |     9 ||    10
       Potion            |       |       |     3 ||     3
 Stab: Sleeping          |    11 |     2 |     9 ||    22
       Distracted        |       |     1 |       ||     1
Armor: Leather armour    |     9 |       |       ||     9
       Ring mail         |    20 |       |       ||    20
       Scale mail        |    20 |    76 |   215 ||   311
Dodge: Dodged            |    65 |    62 |   276 ||   403
Block: Buckler           |       |       |    26 ||    26

Table legend:
 A = Non-vault XP
 B = Vault XP
 C = Vault XP percentage of total XP
 D = Non-vault monster count
 E = Vault monster count
 F = Vault count percentage of total count
                 A         B        C        D         E       F
            +---------+---------+-------+---------+---------+-------
      Total |    2886 |    1183 |  29.1 |     147 |       9 |   5.8
            +---------+---------+-------+---------+---------+-------
        D:1 |      36 |       0 |   0.0 |      22 |       0 |   0.0
        D:2 |      93 |       0 |   0.0 |      22 |       0 |   0.0
        D:3 |      63 |     223 |  78.0 |      13 |       1 |   7.1
        D:4 |     689 |       0 |   0.0 |      33 |       0 |   0.0
        D:5 |     647 |       0 |   0.0 |      15 |       0 |   0.0
        D:6 |     489 |     275 |  36.0 |      14 |       7 |  33.3
        D:7 |     805 |     685 |  46.0 |      26 |       1 |   3.7
        D:8 |      64 |       0 |   0.0 |       2 |       0 |   0.0
            +---------+---------+-------+---------+---------+-------
